 Dungeon Crawl Stone Soup version 0.31-a0-162-gc4c5a43528 (webtiles) character file.

Game seed: 621991910974911898

156 Ijustatesigmund the Stinger (level 5, 0/33 HPs)
             Began as an Octopode Venom Mage on June 13, 2023.
             Slain by a centaur zombie (2 damage)
             ... in an ossuary.
             The game lasted 00:07:27 (3494 turns).

Ijustatesigmund the Stinger (Octopode Venom Mage)   Turns: 3494, Time: 00:07:27

Health: 0/33       AC:  1    Str:  7    XL:     5   Next: 37%
Magic:  9/9        EV: 13    Int: 20    God:
Gold:   26         SH:  0    Dex: 12    Spells: 3/9 levels left

rFire   . . .        f - +0 flail
rCold   . . .        (no shield)
rNeg    . . .        (helmet restricted)
rPois   .            (no amulet)
rElec   .            (no ring)
rCorr   .            (no ring)
SInv    .            (no ring)
Will    .....        (no ring)
Stlth   +++          (no ring)
HPRegen 0.25/turn    (no ring)
MPRegen 0.11/turn    (no ring)
                     (no ring)

%: no passive effects
@: marked, hasted, very quick
A: almost no armour, amphibious, 8 rings, camouflage 1, gelatinous body 1,
(nimble swimmer 1), tentacles
a: no special abilities


You were in an ossuary.
You visited 1 branch of the dungeon, and saw 4 of its levels.
You also visited: Ossuary.

You collected 96 gold pieces.
You spent 70 gold pieces at shops.

Inventory:

Hand Weapons
 f - a +0 flail (weapon)
Scrolls
 c - a scroll of poison
 j - a scroll of revelation
 o - a scroll of enchant armour
Potions
 a - a potion of magic
 d - a potion of enlightenment
 g - 2 potions of attraction
 i - a potion of mutation


   Skills:
 - Level 1.2 Fighting
 + Level 1.7 Maces & Flails
 - Level 2.0 Dodging
 - Level 2.6 Stealth
 - Level 2.8 Spellcasting
 - Level 1.4 Conjurations
 - Level 1.0 Transmutations
 - Level 1.7 Air Magic
 - Level 4.5 Poison Magic


You had 3 spell levels left.
You knew the following spells:

 Your Spells              Type           Power      Damage    Failure   Level
a - Sting                 Tmut/Pois      56%        1d5       4%          1
b - Poisonous Vapours     Pois/Air       30%        N/A       6%          2
c - Mephitic Cloud        Conj/Pois/Air  13%        N/A       16%         3

Your spell library contained the following spells:

 Spells                   Type           Power      Damage    Failure   Level
 Olgreb's Toxic Radiance  Pois           21%        N/A       22%         4


Dungeon Overview and Level Annotations

Branches:
Dungeon (4/15)            Ossuary (1/1)
 Temple: D:4-7

Altars:
Ru

Shops:
D:1 !

Annotations:
D:3 Robin


Innate Abilities, Weirdness & Mutations

You cannot wear most types of armour.
You are amphibious.
You can wear up to eight rings at the same time.
Your skin changes colour to match your surroundings (Stealth+).
Your rubbery body absorbs attacks. (AC +1, EV +1)
((You are camouflaged when in or above water. (Stealth+)))
You have tentacles for arms and can constrict up to eight enemies at once.


Message History

Your Maces & Flails skill increases to level 1!
The centaur zombie hits you.
* * * LOW HITPOINT WARNING * * *
The centaur zombie kicks you.
* * * LOW HITPOINT WARNING * * *
Blink to where?
Press: ? - help, Dir - move target
As you read the scroll of blinking, it crumbles to dust.
The centaur zombie attacks as you move away!
The centaur zombie completely misses you.
The centaur zombie kicks you.
* * * LOW HITPOINT WARNING * * *
The centaur zombie attacks as you move away!
The centaur zombie completely misses you.
The centaur zombie kicks you.
* * * LOW HITPOINT WARNING * * *
There is an open door here.
The centaur zombie attacks as you move away!
The centaur zombie misses you. The centaur zombie kicks you.
* * * LOW HITPOINT WARNING * * *
The centaur zombie closely misses you. x2
You see here 2 murky red potions.
It was a potion of haste.
You feel yourself speed up. The centaur zombie closely misses you.
The centaur zombie kicks you.
* * * LOW HITPOINT WARNING * * *
You see here 2 fizzy blue potions.
You see here 2 murky cyan potions.
You hit the centaur zombie.
The centaur zombie is lightly damaged.
The centaur zombie barely misses you. The centaur zombie kicks you.
* * * LOW HITPOINT WARNING * * *
You hit the centaur zombie. You squeeze the centaur zombie.
The centaur zombie is moderately damaged.
The centaur zombie barely misses you. x2
You sock the centaur zombie!
The centaur zombie is heavily damaged.
The centaur zombie hits you.
* * * LOW HITPOINT WARNING * * *
The centaur zombie kicks you.
You die...

###############
###############
###############
###############
######################
#.....Z...∩Z.........#
#.....ZZ..Z...Z......#
#..§##############...#
#...#.ZZ?#...#?Z@#§Z.#
#...#.####...#!!!#...#
#...#........'####ZZ.#
#...######.∩.....#...#
#...#.ZZZ#.......#...#
#...#,*,,#.......#...#
#...#.####.......#M..#
#..Z#............#Z..#
#...#.####..####.#...#


You could see a centaur zombie.

Vanquished Creatures
  A centaur zombie (Ossuary)
  4 adders
  2 worms (D:2)
  2 dart slugs (D:2)
  3 orcs
  6 ball pythons
  5 endoplasms
  9 hobgoblins
  2 quokkas
  4 bats
  2 frilled lizards
  6 goblins
  8 hobgoblin zombies (Ossuary)
  2 jackal zombies (Ossuary)
  6 kobolds
  8 kobold zombies (Ossuary)
  4 orc zombies (Ossuary)
  5 rats
79 creatures vanquished.

Notes
Turn   | Place    | Note
-------+----------+-------------------------------------------
     0 | D:1      | Ijustatesigmund the Octopode Venom Mage began the quest for
                  | the Orb.
     0 | D:1      | Reached XP level 1. HP: 11/11 MP: 3/3
   422 | D:1      | Reached XP level 2. HP: 13/18 MP: 5/5
   465 | D:1      | Learned a level 2 spell: Poisonous Vapours
   609 | D:1      | Found a faded altar of an unknown god.
   619 | D:1      | Reached skill level 1 in Fighting
   716 | D:1      | Reached skill level 4 in Poison Magic
   957 | D:1      | Found Doejuisa's Distillery.
  1093 | D:2      | Reached XP level 3. HP: 23/23 MP: 4/6
  1101 | D:2      | Learned a level 3 spell: Mephitic Cloud
  1440 | D:2      | Reached skill level 1 in Air Magic
  1599 | D:1      | Bought a potion of heal wounds for 70 gold pieces
  2114 | D:2      | Reached XP level 4. HP: 24/28 MP: 4/7
  2652 | D:3      | Found a sacrificial altar of Ru.
  2813 | D:3      | Reached skill level 1 in Conjurations
  3139 | D:3      | Noticed Robin
  3150 | D:4      | HP: 1/28 [goblin/+2 dagger of freezing[Robin] (2)]
  3153 | D:4      | Found a sand-covered staircase.
  3175 | Ossuary  | Entered an ossuary
  3363 | Ossuary  | Reached XP level 5. HP: 32/33 MP: 9/9
  3460 | Ossuary  | HP: 1/33 [centaur zombie (3)]
  3465 | Ossuary  | Reached skill level 1 in Maces & Flails
  3494 | Ossuary  | Slain by a centaur zombie

Illustrated notes

Levels and vault maps discovered:
D:1:      sevenhm_arrival_forest_fort_small_5, layout_basic, serial_shops,
          nicolae_shop_tiny_glass, serial_aquarium, aquarium_bridge_square
          [aquarium_subvault_wall, aquarium_subvault_balcony,
          aquarium_subvault_window, aquarium_subvault_bridge],
          aquarium_window_3, aquarium_window_fake, aquarium_view_2a,
          aquarium_pool_double, hellmonk_ecumenical_altar_arch_garden
D:2:      layout_loops_ring, minmay_goblin_kobold_house
D:3:      layout_basic, nicolae_ru_path_of_blood, uniq_robin
D:4:      layout_rooms, marbit_many_paths, minmay_temple_entry_sparse_star,
          nicolae_ossuary_entry_monument, nrook_loot_triangle
Ossuary:  ossuary_tomb_1

Skill      XL: |  1  2  3  4  5 |
---------------+----------------+-----
Fighting       | 1 |  1.2
Poison Magic   | 4 |  4.5
Air Magic      | 1 |  1.7
Conjurations   | 1 |  1.4
Maces & Flails | 1 |  1.7
Dodging        | |  2.0
Stealth        | |  2.6
Spellcasting   | |  2.8
Transmutations | |  1.0

Action                     |  1- 3 |  4- 6 || total
---------------------------+-------+-------++-------
  Melee: Short sword       |    40 |       ||    40
         Constrict         |    19 |    20 ||    39
         Tentacles         |    15 |    18 ||    33
         Mace              |    22 |    20 ||    42
         Punch             |     1 |     1 ||     2
         Flail             |       |    54 ||    54
   Cast: Sting             |    21 |     3 ||    24
         Poisonous Vapours |    17 |    17 ||    34
    Use: Scroll            |     1 |    16 ||    17
         Potion            |       |     6 ||     6
   Stab: Distracted        |       |     1 ||     1
 Armour: Skin              |     9 |    19 ||    28
  Dodge: Dodged            |    35 |   101 ||   136

Table legend: (Time is in decaauts)
 A = Elapsed time spent in this place.
 B = Non-inter-level travel time spent in this place.
 C = Inter-level travel time spent in this place.
 D = Time resting spent in this place.
 E = Time spent auto-exploring this place.
 F = Levels seen in this place.
 G = Mean time per level.
                   A        B        C        D        E       F      G
               +--------+--------+--------+--------+--------+-----+--------+
         Total |   3527 |   3360 |    167 |   1015 |   1798 |   5 |  705.4 |
       Dungeon |   3192 |   3025 |    167 |    858 |   1783 |   4 |  798.0 |
       Ossuary |    335 |    335 |      0 |    157 |     15 |   1 |  335.0 |
               +--------+--------+--------+--------+--------+-----+--------+

Top non-repeatable levels by time:
     D:2: 1385 daAuts
     D:1: 1150 daAuts
     D:3: 627 daAuts
 Ossuary: 335 daAuts
     D:4: 28 daAuts
